Map: Jagannatha LE

Players

DnS

  • Race: Protoss Protoss

Hellraiser - Winner!

  • Race: Protoss Protoss

Event: DreamHack SC2 Masters 2021 Fall

VOD

Have the link to the VOD?

Description

Time

  • Played on: Aug. 4, 2021, 1:19 p.m.
  • Length: 16:54

All games in this series

Show
View Real Time Build Order
Export as new Build Order

DnS Protoss 

Build Orders:  

Get SALT Encoding   

  12  0:00  Probe  
  13  0:12  Probe  
  14  0:19  Pylon  
  14  0:24  Probe (Chrono Boost)  
  15  0:37  Gateway, Probe (Chrono Boost)  
  16  0:45  Probe (Chrono Boost)  
  16  0:46  Assimilator  
  17  0:51  Probe  
  17  0:55  Assimilator  
  18  1:04  Probe (Chrono Boost)  
  19  1:10  Gateway  
  19  1:14  Probe (Chrono Boost)  
  20  1:19  Probe (Chrono Boost)  
  21  1:25  Cybernetics Core  
  21  1:30  Probe  
  22  1:38  Pylon  
  22  1:42  Probe  
  23  1:56  Probe  
  24  2:01  Stalker  
  24  2:03  Stalker  
  24  2:06  Warp Gate  
  28  2:10  Probe  
  29  2:16  Pylon  
  29  2:26  Pylon  
  29  2:32  Stalker  
  31  2:39  Stalker  
  33  3:00  Nexus  
  33  3:03  Probe  
  34  3:06  Sentry  
  34  3:09  Sentry  
  38  3:15  Pylon  
  38  3:19  Probe  
  39  3:27  Twilight Council  
  39  3:33  Probe (Chrono Boost)  
  40  3:44  Probe (Chrono Boost)  
  39  3:49  Probe (Chrono Boost)  
  39  3:54  Stalker  
  39  3:55  Stalker  
  42  3:59  Shield Battery  
  41  4:10  Probe  
  41  4:11  Blink  
  42  4:17  Stalker  
  42  4:23  Shield Battery  
  43  4:28  Probe  
  43  4:29  Probe  
  44  4:34  Stalker  
  44  4:43  Stalker  
  46  4:47  Probe  
  46  4:53  Probe  
  46  4:54  Shield Battery  
  46  4:59  Probe (Chrono Boost)  
  48  5:05  Probe (Chrono Boost)  
  49  5:12  Probe (Chrono Boost)  
  49  5:13  Forge  
  50  5:16  Probe (Chrono Boost)  
  50  5:19  Probe (Chrono Boost)  
  50  5:21  Probe (Chrono Boost)  
  52  5:26  Probe  
  54  5:31  Probe  
  54  5:35  Robotics Facility  
  55  5:38  Probe  
  56  5:43  Shield Battery  
  56  5:46  Probe  
  57  5:50  Probe  
  57  5:51  Protoss Ground Weapons Level 1  
  57  5:54  Sentry  
  60  5:59  Probe  
  60  6:01  Nexus  
  61  6:05  Pylon  
  61  6:07  Assimilator, Probe  
  61  6:11  Pylon  
  62  6:17  Pylon  
  62  6:23  Probe (Chrono Boost)  
  62  6:24  Observer (Chrono Boost), Probe (Chrono Boost)  
  65  6:26  Shield Battery  
  65  6:29  Stalker x2  
  69  6:36  Probe x2 (Chrono Boost)  
  71  6:41  Immortal  
  71  6:43  Probe x2 (Chrono Boost)  
  77  6:50  Charge (Chrono Boost)  
  77  6:53  Gateway  
  79  6:55  Observer  
  79  6:58  Gateway  
  77  7:02  Gateway, Immortal (Chrono Boost)  
  77  7:04  Gateway  
  77  7:08  Zealot  
  77  7:11  Zealot  
  77  7:15  Shield Battery  
  81  7:21  Immortal (Chrono Boost)  
  85  7:29  Zealot  
  86  7:41  Zealot  
  83  7:48  Stalker  
  79  7:55  Stalker  
  81  8:00  Protoss Ground Weapons Level 2 (Chrono Boost)  
  81  8:02  Probe  
  71  8:06  Pylon  
  71  8:09  Probe  
  71  8:10  Zealot x2, Probe  
  75  8:14  Probe  
  76  8:22  Probe (Chrono Boost)  
  76  8:23  Templar Archives, Probe (Chrono Boost)  
  76  8:26  Probe (Chrono Boost)  
  79  8:33  Zealot x3  
  87  8:34  Probe (Chrono Boost)  
  87  8:35  Probe (Chrono Boost)  
  87  8:38  Probe (Chrono Boost)  
  88  8:41  Probe (Chrono Boost)  
  88  8:42  Pylon  
  88  8:43  Probe (Chrono Boost)  
  88  8:44  Probe (Chrono Boost)  
  88  8:47  Observer  
  88  8:48  Probe  
  92  8:53  Probe, Dark Shrine  
  92  8:54  Probe  
  95  8:59  Assimilator x2  
  95  9:00  Probe  
  95  9:01  Assimilator  
  96  9:05  Probe  
  96  9:06  High Templar x2, Zealot x2  
  105  9:10  Photon Cannon  
  105  9:11  Archon  
  105  9:12  Observer  
  105  9:16  Pylon  
  106  9:24  Zealot  
  106  9:28  Pylon  
  106  9:29  Pylon  
  108  9:31  Gateway  
  108  9:33  Photon Cannon, Gateway  
  108  9:48  Probe x2  
  108  9:52  High Templar x2, Zealot, Probe  
  115  9:53  Zealot x3  
  115  9:56  Archon  
  123  10:00  Probe x2  
  125  10:20  Nexus  
  125  10:21  Pylon  
  125  10:22  High Templar x3  
  125  10:23  High Templar  
  125  10:26  Pylon  
  125  10:27  Pylon x2  
  125  10:28  Pylon, Archon x2  
  130  10:36  Dark Templar  
  130  10:41  Pylon  
  132  10:44  Dark Templar x2  
  132  10:50  Zealot  
  132  10:52  Probe x3  
  131  11:04  Shield Battery, Probe x3  
  122  11:15  Robotics Bay  
  122  11:16  Probe x3  
  125  11:25  Assimilator  
  125  11:28  Probe x3  
  125  11:30  Robotics Facility  
  128  11:35  High Templar, Archon  
  128  11:36  High Templar, Zealot x5  
  142  11:40  Probe  
  142  11:41  Archon  
  143  11:50  Probe x3  
  143  11:52  Probe  
  147  11:58  Stalker x4  
  147  12:01  Disruptor (Chrono Boost)  
  155  12:03  Dark Templar  
  160  12:09  Probe x2  
  160  12:10  Probe x2  
  162  12:18  Stalker  
  164  12:23  Probe  
  161  12:30  Pylon x2, Nexus  
  161  12:32  Pylon  
  161  12:34  Pylon  
  161  12:36  Pylon  
  161  12:46  Pylon  
  161  12:47  Pylon  
  161  12:49  Pylon, Disruptor x2 (Chrono Boost)  
  167  12:51  Protoss Ground Weapons Level 3  
  167  12:52  Shadow Stride  
  167  12:54  Probe x2  
  167  12:55  Probe  
  167  12:57  Assimilator  
  170  13:00  Pylon  
  170  13:18  Zealot x3  
  170  13:23  Disruptor  
  170  13:24  Disruptor  
  170  13:26  Assimilator  
  160  13:35  Nexus  
  160  13:50  Assimilator  
  160  14:02  Dark Templar x7  
  174  14:15  Photon Cannon  
  174  14:16  Photon Cannon x3  
  174  14:17  Photon Cannon  
  174  14:19  Photon Cannon x2  
  174  14:20  Disruptor  
  174  14:21  Photon Cannon  
  174  14:22  Disruptor  
  151  14:53  Stalker x6  
  115  15:41  Nexus  
  115  15:47  Nexus  
  115  16:07  Observer (Chrono Boost)  
  116  16:26  Stalker x4  
Show
View Real Time Build Order
Export as new Build Order

Hellraiser Protoss - Winner!

Build Orders:  

Get SALT Encoding   

  12  0:01  Probe  
  13  0:13  Probe  
  14  0:18  Pylon  
  14  0:25  Probe (Chrono Boost)  
  15  0:37  Probe (Chrono Boost)  
  15  0:38  Gateway  
  16  0:45  Probe (Chrono Boost)  
  16  0:47  Assimilator  
  17  0:51  Probe (Chrono Boost)  
  18  0:57  Assimilator  
  18  1:03  Probe (Chrono Boost)  
  19  1:10  Gateway  
  19  1:13  Probe (Chrono Boost)  
  20  1:19  Probe  
  21  1:27  Cybernetics Core  
  21  1:31  Probe  
  22  1:38  Pylon  
  22  1:43  Probe  
  23  1:56  Probe  
  23  2:00  Warp Gate (Chrono Boost)  
  24  2:03  Adept x2  
  28  2:11  Pylon  
  28  2:15  Probe  
  29  2:33  Adept x2  
  33  2:59  Nexus  
  33  3:03  Adept  
  33  3:04  Adept  
  37  3:12  Pylon  
  37  3:14  Probe  
  38  3:20  Shield Battery  
  38  3:26  Probe  
  39  3:39  Probe  
  40  3:47  Stalker x2  
  40  3:57  Probe (Chrono Boost)  
  40  3:58  Twilight Council  
  42  4:10  Sentry x2  
  42  4:11  Probe (Chrono Boost)  
  42  4:13  Probe (Chrono Boost)  
  47  4:19  Probe (Chrono Boost)  
  47  4:20  Probe (Chrono Boost)  
  49  4:25  Probe (Chrono Boost)  
  49  4:29  Probe (Chrono Boost)  
  49  4:37  Probe (Chrono Boost)  
  51  4:41  Probe (Chrono Boost)  
  51  4:43  Blink  
  50  4:47  Forge  
  50  4:48  Phoenix  
  50  4:51  Shield Battery  
  50  4:52  Sentry, Stalker  
  53  4:59  Shield Battery, Probe x2  
  55  5:01  Pylon  
  51  5:11  Robotics Facility, Probe (Chrono Boost)  
  53  5:15  Probe (Chrono Boost)  
  53  5:17  Stalker x2  
  53  5:18  Protoss Ground Weapons Level 1 (Chrono Boost)  
  58  5:23  Probe (Chrono Boost)  
  58  5:26  Probe (Chrono Boost)  
  58  5:27  Probe (Chrono Boost)  
  59  5:31  Phoenix  
  61  5:35  Probe  
  61  5:37  Probe  
  61  5:43  Nexus  
  61  5:48  Probe  
  62  5:57  Gateway x2  
  62  5:58  Observer (Chrono Boost)  
  62  5:59  Probe  
  62  6:01  Probe  
  62  6:03  Assimilator  
  65  6:10  Pylon  
  65  6:14  Gateway  
  65  6:16  Phoenix  
  65  6:17  Gateway  
  65  6:19  Pylon  
  65  6:26  Warp Prism (Chrono Boost)  
  65  6:27  Pylon  
  65  6:28  Pylon, Probe x2  
  69  6:37  Stalker x2  
  73  6:44  Probe  
  74  6:51  Charge, Pylon  
  74  6:52  Probe  
  75  6:56  Probe  
  75  6:57  Stalker x2  
  80  7:03  Stalker x2  
  84  7:19  Stalker x2  
  84  7:20  Stalker x2  
  92  7:24  Pylon  
  92  7:26  Stalker x2  
  92  7:28  Probe  
  92  7:29  Probe  
  98  7:33  Probe  
  99  7:40  Probe  
  99  7:41  Probe  
  87  7:58  Zealot x6  
  87  8:00  Immortal (Chrono Boost)  
  87  8:02  Protoss Ground Weapons Level 2 (Chrono Boost)  
  93  8:08  Probe  
  92  8:14  Shield Battery  
  92  8:18  Gateway  
  92  8:20  Gateway  
  92  8:21  Gateway  
  92  8:23  Gateway, Sentry  
  94  8:29  Immortal (Chrono Boost)  
  98  8:35  Zealot x5  
  98  8:36  Assimilator  
  108  8:45  Assimilator  
  108  9:06  Templar Archives, Probe  
  108  9:07  Probe  
  108  9:08  Pylon  
  108  9:09  Nexus  
  110  9:10  Probe  
  110  9:14  Stalker x5  
  121  9:18  Pylon  
  121  9:34  Pylon  
  121  9:36  Pylon  
  121  9:37  Pylon  
  121  9:43  High Templar x2, Zealot x6  
  137  9:47  Archon  
  137  9:55  Pylon  
  137  9:57  High Templar x2  
  137  9:58  Probe x2  
  143  10:02  Archon  
  143  10:05  Zealot x6  
  154  10:16  Pylon  
  154  10:32  Zealot x2  
  154  10:33  Zealot x8  
  174  10:37  Observer (Chrono Boost)  
  174  10:38  Photon Cannon  
  175  10:48  Photon Cannon  
  175  10:49  Photon Cannon  
  169  10:50  Observer (Chrono Boost)  
  166  11:01  High Templar x4  
  166  11:02  Zealot x5  
  176  11:05  Probe  
  176  11:07  Archon  
  176  11:08  Archon  
  176  11:09  Photon Cannon, Protoss Ground Weapons Level 3 (Chrono Boost)  
  171  11:21  Observer (Chrono Boost)  
  172  11:28  Zealot x3  
  172  11:29  Zealot x3  
  184  11:34  Stalker x3  
  190  11:46  Robotics Bay  
  190  12:00  Probe  
  191  12:06  Pylon  
  191  12:07  Pylon, Stalker, Zealot  
  195  12:08  Robotics Facility  
  195  12:28  Zealot  
  195  12:29  Zealot x2  
  200  12:35  Assimilator  
  200  12:36  Assimilator x2  
  200  12:39  Shield Battery, Photon Cannon  
  200  12:43  Photon Cannon  
  200  12:51  Nexus  
  200  12:56  Photon Cannon  
  200  12:58  Photon Cannon  
  200  12:59  Photon Cannon, Robotics Facility  
  200  13:00  Shield Battery  
  200  13:03  Pylon  
  200  13:17  Disruptor x2 (Chrono Boost)  
  193  13:29  Probe (Chrono Boost)  
  193  13:30  Probe (Chrono Boost)  
  193  13:32  Photon Cannon  
  193  13:33  Probe (Chrono Boost)  
  170  13:35  Shield Battery  
  170  13:37  Probe (Chrono Boost)  
  170  13:40  Probe (Chrono Boost)  
  169  13:41  Probe (Chrono Boost)  
  169  13:42  Stalker x10  
  169  13:43  Disruptor x2 (Chrono Boost), Probe (Chrono Boost)  
  169  13:47  Protoss Shields Level 1 (Chrono Boost), Probe x2 (Chrono Boost)  
  196  13:49  Probe (Chrono Boost)  
  198  14:00  Dark Shrine  
  196  14:31  Disruptor  
  193  14:42  Zealot x4  
  193  14:43  Zealot  
  197  14:50  Disruptor  
  196  14:53  Disruptor  
  164  15:15  Stalker x10  
  164  15:16  Nexus  
  180  15:21  Disruptor (Chrono Boost)  
  180  15:25  Probe  
  162  15:28  Probe  
  162  15:29  Disruptor (Chrono Boost)  
  162  15:31  Probe  
  154  15:36  Probe  
  154  15:42  Gravitic Boosters (Chrono Boost)  
  155  15:43  Observer (Chrono Boost)  
  155  15:45  Probe x2  
  155  15:46  Probe  
  159  15:56  Observer (Chrono Boost)  
  159  15:58  Observer, Photon Cannon  
  159  16:03  Probe  
  159  16:04  Photon Cannon  
  157  16:05  Disruptor  
  159  16:12  Zealot x9  
  159  16:15  Probe  
  159  16:16  Disruptor  
  178  16:19  Observer  
  178  16:25  Probe  
  179  16:37  Zealot x8  

Tags
 
Add a new tag
Caveats
  • Supply blocks, unpowered buildings, or Contaminate may cause inaccurate times.
  • Supply counts are checked every 10 seconds.